 Dungeon Crawl Stone Soup version 0.31-a0-174-g85c54bcb58 (webtiles) character file.

Game seed: 16582165697965454612

116 qw the Shooter (level 5, 0/49 HPs)
             Began as a Naga Hunter on June 15, 2023.
             Constricted to death by Ijyb (4 damage)
             ... on level 3 of the Dungeon.
             The game lasted 00:00:42 (1567 turns).

qw the Shooter (Naga Hunter)                        Turns: 1567, Time: 00:00:42

Health: 0/49       AC:  3    Str: 14    XL:     5   Next: 1%
Magic:  5/5        EV:  6    Int:  9    God:
Gold:   131        SH:  0    Dex: 16    Spells: 4/4 levels left

rFire   . . .        Y - +0 shortbow
rCold   . . .        (shield currently unavailable)
rNeg    . . .        c - +0 leather armour
rPois   +            (no helmet)
rElec   .            (no cloak)
rCorr   +            (no gloves)
SInv    +            (no barding)
Will    .....        (no amulet)
Stlth   ++           d - ring of resist corrosion
HPRegen 0.28/turn    (no ring)
MPRegen 0.09/turn

%: no passive effects
@: short of breath, grasped by roots, constricted, very slow
A: AC +1, large, see invisible, deformed body, poison resistance, slowness 2,
spit poison 1, naga tail 1
a: Spit Poison


You were on level 3 of the Dungeon.
You visited 1 branch of the dungeon, and saw 3 of its levels.

You collected 131 gold pieces.


Innate Abilities, Weirdness & Mutations

Your serpentine skin is tough. (AC +1)
You have supernaturally acute eyesight. (SInv)
Armour fits poorly on your strangely shaped body.
Your system is resistant to poisons. (rPois)
You cover ground very slowly.
You can spit poison.
You have a snake-like lower body.


   Skills:
 - Level 3.2 Fighting
 + Level 5.0 Ranged Weapons
 - Level 1.5 Dodging
 - Level 1.5 Stealth


You had 4 spell levels left.
You didn't know any spells.
Your spell library was empty.

Inventory:

Hand Weapons
 Y - a +0 shortbow (weapon)
Armour
 c - a +0 leather armour (worn)
Jewellery
 d - a ring of resist corrosion (left hand)
Scrolls
 a - a scroll of identify
 b - a scroll of poison {unknown}
Potions
 e - a potion of degeneration {unknown}
 f - a potion of resistance {unknown}

Dungeon Overview and Level Annotations

Branches:
Dungeon (3/15)

Altars:

Shops:
D:1 =

Annotations:
D:3 Ijyb


Message History

You shoot an arrow. The arrow hits Ijyb but does no damage.
Ijyb shouts!
You shoot an arrow. The arrow hits Ijyb.
Ijyb is lightly wounded.
1559 ||| INVOKING Spit Poison.
Aiming: Spit Poison (1% risk of failure)
Press: ? - help, Shift-Dir - straight line, f/p - Ijyb The splash of poison misses Ijyb.
You shoot an arrow. The arrow hits Ijyb but does no damage.
Ijyb is lightly wounded.
You shoot an arrow. The arrow hits Ijyb.
Ijyb is lightly wounded.
Ijyb zaps a wand.
The roots erupt in riotous growth!
The grasping roots grab you! The grasping roots constrict you.
You hear a shout!
You shoot an arrow. The arrow barely misses Ijyb.
The grasping roots constrict you. x2
You shoot an arrow. The arrow hits Ijyb but does no damage.
Ijyb is lightly wounded.
Ijyb hits you with a +0 dagger. The grasping roots constrict you.
The grasping roots release their grip on you.
You shoot an arrow. The arrow hits Ijyb but does no damage.
Ijyb is lightly wounded.
You have got your breath back.
Ijyb hits you with a +0 dagger.
1565 ||| INVOKING Spit Poison.
Aiming: Spit Poison (1% risk of failure)
Press: ? - help, Shift-Dir - straight line, f/p - Ijyb The splash of poison misses Ijyb.
Ijyb zaps a wand.
The roots erupt in riotous growth!
The grasping roots grab you!
Ijyb is unaffected.
The grasping roots constrict you.
You shoot an arrow. The arrow closely misses Ijyb.
Ijyb hits you with a +0 dagger. The grasping roots constrict you.
You shoot an arrow. The arrow hits Ijyb.
Ijyb is moderately wounded.
Ijyb hits you with a +0 dagger. The grasping roots constrict you!
Ijyb closely misses you. The grasping roots constrict you.
You die...

#..........).)
#............)
#.............
######........ #.#
#........ #.# #........
#.# ##...>....
##########.# #...####.#
......g@.#.# #...### .#
.........#(####.....#
....................##.#
.........#.###..........
.....[............####.#
.........#.###.%..# #
####.#####.###)...#
................#
##.#####.###.####


You could see Ijyb.

Vanquished Creatures
  Jessica (D:3)
  2 adders (D:2)
  2 worms
  4 dart slugs
  4 orcs (D:3)
  5 ball pythons
  7 endoplasms
  A giant cockroach (D:3)
  8 hobgoblins
  2 bats
  2 frilled lizards (D:3)
  4 goblins
  5 kobolds
  6 rats
53 creatures vanquished.

Notes
Turn   | Place    | Note
-------+----------+-------------------------------------------
     0 | D:1      | qw the Naga Hunter began the quest for the Orb.
     0 | D:1      | Reached XP level 1. HP: 19/19 MP: 1/1
     0 | D:1      | 0 ||| qw: Version: 0.2-a-29-g511e9b1
     0 | D:1      | 0 ||| qw: Game counter: 5366
     0 | D:1      | 0 ||| qw: Always use a shield: true
     0 | D:1      | 0 ||| qw: God list: Okawaru
     0 | D:1      | 0 ||| qw: Allow faded altars: false
     0 | D:1      | 0 ||| qw: Do Orc after D:15 true
     0 | D:1      | 0 ||| qw: Do second Lair branch before Depths: true
     0 | D:1      | 0 ||| qw: Lair rune preference: random
     0 | D:1      | 0 ||| qw: Plans: Normal
     0 | D:1      | 0 ||| PLANNING D:1-11
    30 | D:1      | 30 ||| INVOKING Spit Poison.
    34 | D:1      | 34 ||| FLEEEEING.
    35 | D:1      | 35 ||| FLEEEEING.
    36 | D:1      | 36 ||| FLEEEEING.
    37 | D:1      | 37 ||| FLEEEEING.
    42 | D:1      | 42 ||| INVOKING Spit Poison.
    78 | D:1      | 78 ||| INVOKING Spit Poison.
    83 | D:1      | Reached skill level 4 in Ranged Weapons
    83 | D:1      | Reached XP level 2. HP: 23/26 MP: 2/2
   104 | D:1      | 104 ||| INVOKING Spit Poison.
   120 | D:1      | 120 ||| INVOKING Spit Poison.
   150 | D:1      | 150 ||| INVOKING Spit Poison.
   186 | D:1      | Found Jimehep's Jewellery Emporium.
   190 | D:1      | 190 ||| SHOPLISTING +4 ring of protection (504 gold, have
                  | 38).
   190 | D:1      | 190 ||| SHOPLISTING +6 ring of dexterity (504 gold, have
                  | 38).
   190 | D:1      | 190 ||| SHOPLISTING amulet of regeneration (420 gold, have
                  | 38).
   190 | D:1      | 190 ||| SHOPLISTING ring "Veadghomai" {rElec rPois EV+5
                  | Dex+5 SInv} (964 gold, have 38).
   190 | D:1      | 190 ||| SHOPLISTING ring "Yhote" {rCorr Int+4} (495 gold,
                  | have 38).
   190 | D:1      | 190 ||| SHOPLISTING ring of fire (350 gold, have 38).
   190 | D:1      | 190 ||| SHOPLISTING ring of protection from fire (350 gold,
                  | have 38).
   199 | D:1      | 199 ||| INVOKING Spit Poison.
   243 | D:1      | 243 ||| INVOKING Spit Poison.
   368 | D:1      | Reached XP level 3. HP: 32/32 MP: 3/3
   491 | D:1      | 491 ||| UPGRADING to ring of resist corrosion.
   492 | D:1      | 492 ||| READING scroll labelled RIHYFY NAONE.
   493 | D:1      | 493 ||| DROPPING scroll of butterflies.
   538 | D:2      | 538 ||| INVOKING Spit Poison.
   548 | D:2      | 548 ||| INVOKING Spit Poison.
   555 | D:2      | 555 ||| INVOKING Spit Poison.
   600 | D:2      | 600 ||| INVOKING Spit Poison.
   719 | D:2      | 719 ||| INVOKING Spit Poison.
   722 | D:2      | Found a faded altar of an unknown god.
   724 | D:2      | 724 ||| INVOKING Spit Poison.
   807 | D:2      | 807 ||| INVOKING Spit Poison.
   813 | D:2      | 813 ||| INVOKING Spit Poison.
   889 | D:2      | 889 ||| INVOKING Spit Poison.
   919 | D:2      | 919 ||| INVOKING Spit Poison.
   922 | D:2      | Reached skill level 5 in Ranged Weapons
   922 | D:2      | Reached XP level 4. HP: 39/39 MP: 4/4
  1161 | D:2      | 1161 ||| READING scroll labelled NODUGH NEPHE.
  1162 | D:2      | 1162 ||| READING 2 scrolls of identify.
  1162 | D:2      | 1162 ||| IDENTIFYING orange potion
  1163 | D:2      | 1163 ||| DROPPING potion of enlightenment.
  1201 | D:3      | 1201 ||| INVOKING Spit Poison.
  1204 | D:3      | 1204 ||| INVOKING Spit Poison.
  1259 | D:3      | 1259 ||| INVOKING Spit Poison.
  1267 | D:3      | 1267 ||| INVOKING Spit Poison.
  1273 | D:3      | 1273 ||| INVOKING Spit Poison.
  1279 | D:3      | 1279 ||| INVOKING Spit Poison.
  1286 | D:3      | 1286 ||| INVOKING Spit Poison.
  1287 | D:3      | 1287 ||| FLEEEEING.
  1288 | D:3      | 1288 ||| FLEEEEING.
  1291 | D:3      | 1291 ||| FLEEEEING.
  1292 | D:3      | 1292 ||| FLEEEEING.
  1293 | D:3      | 1293 ||| FLEEEEING.
  1294 | D:3      | 1294 ||| FLEEEEING.
  1295 | D:3      | 1295 ||| FLEEEEING.
  1297 | D:3      | 1297 ||| FLEEEEING.
  1298 | D:3      | 1298 ||| FLEEEEING.
  1299 | D:3      | 1299 ||| FLEEEEING.
  1300 | D:3      | 1300 ||| FLEEEEING.
  1301 | D:3      | 1301 ||| FLEEEEING.
  1302 | D:3      | 1302 ||| FLEEEEING.
  1303 | D:3      | 1303 ||| FLEEEEING.
  1304 | D:3      | 1304 ||| FLEEEEING.
  1310 | D:3      | 1310 ||| FLEEEEING.
  1311 | D:3      | 1311 ||| FLEEEEING.
  1312 | D:3      | 1312 ||| FLEEEEING.
  1313 | D:3      | 1313 ||| FLEEEEING.
  1317 | D:3      | 1317 ||| INVOKING Spit Poison.
  1442 | D:3      | 1442 ||| INVOKING Spit Poison.
  1484 | D:3      | 1484 ||| INVOKING Spit Poison.
  1488 | D:3      | 1488 ||| INVOKING Spit Poison.
  1498 | D:3      | Noticed Jessica
  1499 | D:3      | 1499 ||| INVOKING Spit Poison.
  1500 | D:3      | Killed Jessica
  1501 | D:3      | Reached skill level 3 in Fighting
  1503 | D:3      | 1503 ||| INVOKING Spit Poison.
  1530 | D:3      | Reached XP level 5. HP: 45/49 MP: 5/5
  1556 | D:3      | Noticed Ijyb
  1559 | D:3      | 1559 ||| INVOKING Spit Poison.
  1565 | D:3      | 1565 ||| INVOKING Spit Poison.
  1566 | D:3      | HP: 12/49 [constriction (6)]
  1567 | D:3      | HP: 4/49 [constriction (7)]
  1567 | D:3      | Constricted to death by Ijyb

Levels and vault maps discovered:
D:1:      reono_arrival_mine, layout_rooms, serial_shops, shop_statue
D:2:      layout_loops_ring, dreamdust_ecumenical_altar_grove,
          kennysheep_cross_room
D:3:      layout_basic, reono_crystal_passage, uniq_ijyb, uniq_robin,
          uniq_jessica

Skill      XL: |  1  2  3  4 |
---------------+-------------+-----
Ranged Weapons | 4 5 |  5.0
Fighting       | 3 |  3.2
Dodging        | |  1.5
Stealth        | |  1.5

Action                     |  1- 3 |  4- 6 || total
---------------------------+-------+-------++-------
   Fire: Shortbow          |    49 |    57 ||   106
Ability: Spit Poison       |    18 |    15 ||    33
    Use: Scroll            |     1 |     2 ||     3
 Armour: Leather armour    |     1 |     2 ||     3
  Dodge: Dodged            |     5 |    10 ||    15

Table legend:
 A = Non-vault XP
 B = Vault XP
 C = Vault XP percentage of total XP
 D = Non-vault monster count
 E = Vault monster count
 F = Vault count percentage of total count
                 A         B        C        D         E       F
            +---------+---------+-------+---------+---------+-------
      Total |     130 |      37 |  22.2 |      52 |       1 |   1.9
            +---------+---------+-------+---------+---------+-------
        D:1 |      34 |       0 |   0.0 |      17 |       0 |   0.0
        D:2 |      51 |       0 |   0.0 |      15 |       0 |   0.0
        D:3 |      45 |      37 |  45.1 |      20 |       1 |   4.8
            +---------+---------+-------+---------+---------+-------
